 Dungeon Crawl Stone Soup version 0.27-a0-1202-ge72e49191c (webtiles) character file.

Game seed: 9294479704788841919

90 hilljack the Digger (level 4, 0/24 HPs)
             Began as a Gargoyle Earth Elementalist on June 3, 2021.
             Slain by a rat (2 damage)
             ... on level 3 of the Dungeon.
             The game lasted 00:06:46 (2237 turns).

hilljack the Digger (Gargoyle Earth Elementalist)   Turns: 2237, Time: 00:06:47

Health: 0/24       AC: 10    Str: 11    XL:     4   Next: 56%
Magic:  4/8        EV: 11    Int: 17    God:
Gold:   158        SH:  0    Dex: 10    Spells: 5/9 levels left

rFire    . . .     SeeInvis .   a - staff of conjuration
rCold    . . .     Faith    .   (no shield)
rNeg     + . .     Spirit   .   l - +0 leather armour
rPois    ∞         Reflect  .   (no helmet)
rElec    +         Harm     .   (no cloak)
rCorr    +         Rampage  .   (no gloves)
Will     .....                  (no boots)
Stlth    ++........             (no amulet)
HPRegen  0.08/turn              d - +4 ring of protection
MPRegen  0.11/turn              h - ring of resist corrosion

@: no status effects
A: sickness immunity, AC +3, negative energy resistance 1, electricity
resistance, torment resistance 1, petrification resistance
a: no special abilities


You were on level 3 of the Dungeon.
You visited 1 branch of the dungeon, and saw 3 of its levels.

You collected 158 gold pieces.

Inventory:

Missiles
 g - a throwing net
 i - 11 bolts
Armour
 l - a +0 leather armour (worn)
Magical Staves
 a - a staff of conjuration (weapon)
Jewellery
 d - a +4 ring of protection (left hand)
 h - a ring of resist corrosion (right hand)
Scrolls
 j - 2 scrolls of identify
Potions
 b - a potion of magic


   Skills:
 - Level 0.7 Staves
 - Level 1.5 Dodging
 - Level 2.1 Stealth
 - Level 3.0 Spellcasting
 + Level 0.9 Conjurations
 - Level 0.7 Transmutations
 + Level 4.8 Earth Magic
 - Level 0.6 Evocations


You had 5 spell levels left.
You knew the following spells:

 Your Spells              Type           Power      Damage    Failure   Level
a - Sandblast             Erth           38%        2d10      3%          1
b - Stone Arrow           Conj/Erth      36%        3d9       21%         3

Your spell library contained the following spells:

 Spells                   Type           Power      Damage    Failure   Level
 Passwall                 Tmut/Erth      10%        N/A       11%         2
 Corona                   Hex            2%         N/A       22%         1
 Ensorcelled Hibernation  Hex/Ice        4%         N/A       34%         2
 Dazzling Flash           Conj/Hex       12%        N/A       50%         3
 Confusing Touch          Hex            2%         N/A       56%         3
 Tukima's Dance           Hex            2%         N/A       56%         3
 Petrify                  Tmut/Erth      12%        N/A       58%         4
 Lee's Rapid Deconstruct  Erth           9%         3d8*      65%         5


Dungeon Overview and Level Annotations

Branches:
Dungeon (3/15)

Altars:


Innate Abilities, Weirdness & Mutations

You are immune to sickness and miasma.
Your stone body is resilient. (AC +3)
You are immune to poison.
You resist negative energy. (rN+)
You are resistant to electric shocks. (rElec)
You are resistant to unholy torment.
You are immune to petrification.


Message History

The iguana is almost dead.
The rat bites you but does no damage. The iguana misses you.
You closely miss the iguana.
The iguana is almost dead.
The rat misses you. The iguana closely misses you.
You hit the iguana.
The iguana is almost dead.
The rat misses you. The iguana closely misses you.
The rat twitches its whiskers.
The rat bites you.
You barely miss the iguana.
The iguana is almost dead.
The iguana bites you but does no damage.
The rat bites you but does no damage.
You completely miss the iguana.
The iguana is almost dead.
The iguana bites you but does no damage.
The rat barely misses you. The iguana closely misses you.
You hit the iguana but do no damage.
The iguana is almost dead.
The rat bites you but does no damage. The iguana closely misses you.
You closely miss the iguana.
The iguana is almost dead.
The rat closely misses you. The iguana closely misses you.
You hit the iguana but do no damage.
The iguana is almost dead.
The rat bites you but does no damage. The iguana bites you!
You barely miss the iguana.
The iguana is almost dead.
The rat closely misses you. The iguana closely misses you.
The rat bites you but does no damage.
You closely miss the iguana.
The iguana is almost dead.
The iguana misses you. The rat closely misses you.
You closely miss the iguana.
The iguana is almost dead.
The iguana bites you!
* * * LOW HITPOINT WARNING * * *
The rat bites you.
You die...

#..####..#.#
##..####).#>#
.........##.. .
##..####.####...#
#)......# #
#.####..#
#...####.### .#
..........r###.#
########..l@...#
#.#.##..#
#.#........
#.####...#.. #..
..... #.# ....
#.. #.# ... ###


You could see an iguana and a rat.

Vanquished Creatures
  4 gnolls (D:2)
  A worm (D:2)
  2 dart slugs
  3 bats
  3 endoplasms (D:1)
  4 giant cockroaches (D:1)
  3 goblins
  5 hobgoblins
  2 quokkas
  7 ball pythons
  2 frilled lizards
  4 kobolds
  2 rats (D:1)
42 creatures vanquished.

Vanquished Creatures (others)
  3 fungi (D:2)
  26 plants (D:2)
  4 toadstools (D:2)
33 creatures vanquished.

Grand Total: 75 creatures vanquished

Notes
Turn   | Place    | Note
-------+----------+-------------------------------------------
     0 | D:1      | hilljack the Gargoyle Earth Elementalist began the quest
                  | for the Orb.
     0 | D:1      | Reached XP level 1. HP: 10/10 MP: 3/3
   224 | D:1      | Reached skill level 4 in Earth Magic
   224 | D:1      | Reached XP level 2. HP: 13/15 MP: 5/5
   592 | D:1      | Reached XP level 3. HP: 13/19 MP: 4/6
  1395 | D:2      | Reached XP level 4. HP: 17/24 MP: 2/8
  2197 | D:3      | Learned a level 3 spell: Stone Arrow
  2237 | D:3      | Slain by a rat

Illustrated notes

Levels and vault maps discovered:
D:1:      dpeg_arrival_tiny_f, layout_loops_cross, st_stairs_9,
          corexii_hall_statues_x
D:2:      layout_loops_ring, serial_bayou, serial_bayou_ford_a,
          serial_bayou_lagoon_b, serial_bayou_pond_c, serial_bayou_pond_e,
          serial_bayou_shore_b, minmay_gold_behind_fungi
D:3:      layout_loops_ring, minmay_overflow_temple_hex,
          gup_sewer_entry_bubbles, minivault_27

Skill      XL: |  1  2  3 |
---------------+----------+-----
Earth Magic    | 4 |  4.8
Spellcasting   | 3 |  3.0
Staves         | |  0.7
Dodging        | |  1.5
Stealth        | |  2.1
Conjurations   | |  0.9
Transmutations | |  0.7
Evocations     | |  0.6

Action                   |  1- 3 |  4- 6 || total
-------------------------+-------+-------++-------
Melee: Whip              |    19 |       ||    19
       Staff             |       |    37 ||    37
 Cast: Sandblast         |    45 |     8 ||    53
       Stone Arrow       |       |     2 ||     2
  Use: Scroll            |     1 |     2 ||     3
       Potion            |       |     1 ||     1
 Stab: Sleeping          |     1 |       ||     1
Armor: Robe              |     6 |     5 ||    11
       Leather armour    |       |    16 ||    16
Dodge: Dodged            |    17 |    33 ||    50

Table legend: (Time is in decaauts)
 A = Elapsed time spent in this place.
 B = Non-inter-level travel time spent in this place.
 C = Inter-level travel time spent in this place.
 D = Time resting spent in this place.
 E = Time spent auto-exploring this place.
 F = Levels seen in this place.
 G = Mean time per level.
                   A        B        C        D        E       F      G
               +--------+--------+--------+--------+--------+-----+--------+
         Total |   2294 |   2191 |    103 |    438 |   1365 |   3 |  764.7 |
       Dungeon |   2294 |   2191 |    103 |    438 |   1365 |   3 |  764.7 |
               +--------+--------+--------+--------+--------+-----+--------+

Top non-repeatable levels by time:
     D:2: 1177 daAuts
     D:1: 1037 daAuts
     D:3: 80 daAuts
